 Dungeon Crawl Stone Soup version 0.28.0-45-g0d030f2227 (webtiles) character file.

Game seed: 6249193515725480929

59 Revguard the Chopper (level 3, -5/27 HPs)
             Began as a Demonspawn Gladiator on Apr 20, 2022.
             Killed from afar by an orc wizard (6 damage)
             ... with a puff of flame
             ... on level 3 of the Dungeon.
             The game lasted 00:09:21 (2003 turns).

Revguard the Chopper (Demonspawn Gladiator)         Turns: 2003, Time: 00:09:22

Health: -5/27      AC:  5    Str: 16    XL:     3   Next: 78%
Magic:  4/4        EV: 12    Int:  9    God:
Gold:   40         SH:  0    Dex: 14    Spells: 2/2 levels left

rFire   . . .      SeeInvis .   a - +0 war axe
rCold   . . .      Faith    .   (no shield)
rNeg    . . .      Spirit   .   b - +1 leather armour
rPois   +          Reflect  +   c - +0 helmet
rElec   .          Harm     .   (no cloak)
rCorr   .          Rampage  .   (no gloves)
Will    .....                   (no boots)
Stlth   +.........              f - amulet of reflection
HPRegen 0.09/turn               e - ring of poison resistance
MPRegen 0.18/turn               (no ring)

@: confused, attractive
A: claws 1, magic regeneration
a: no special abilities


You were on level 3 of the Dungeon.
You visited 1 branch of the dungeon, and saw 3 of its levels.

You collected 40 gold pieces.

Inventory:

Hand Weapons
 a - a +0 war axe (weapon)
Missiles
 d - 3 throwing nets (quivered)
Armour
 b - a +1 leather armour (worn)
 c - a +0 helmet (worn)
Jewellery
 e - a ring of poison resistance (left claw)
 f - an amulet of reflection (around neck)
Scrolls
 h - a scroll of teleportation
 p - a scroll of immolation


   Skills:
 + Level 2.2 Fighting
 + Level 3.1 Axes
 - Level 1.7 Throwing
 * Level 1.3 Armour
 + Level 2.9 Dodging
 * Level 0.2 Spellcasting
 + Level 0.0 Ice Magic
 + Level 1.4 Invocations
 + Level 1.0 Evocations


You had 2 spell levels left.
You didn't know any spells.
Your spell library contained the following spells:

 Spells                   Type           Power      Damage    Failure   Level
 Freeze                   Ice            0%         1d3       43%         1
 Frozen Ramparts          Ice            0%         1d2       82%         3
 Hailstorm                Conj/Ice       0%         3d3       99%         4


Dungeon Overview and Level Annotations

Branches:
Dungeon (3/15)

Altars:


Innate Abilities, Weirdness & Mutations

You have sharp fingernails.
You regenerate magic rapidly.


Message History

You are confused.
The orc shouts!
The orc is attracted toward you. The orc is attracted toward you.
Something is attracted toward you.
You miss the orc.
You're too confused to move!
The orc hits you but does no damage.
You bump into the rock wall.
The orc completely misses you.
You bump into the rock wall.
The orc barely misses you.
You bump into the rock wall.
You feel less confused. The orc hits you but does no damage.
You hit the orc.
The orc is moderately wounded.
The orc hits you with a +0 club.
* * * LOW HITPOINT WARNING * * *
The orc hits you but does no damage.
You hit the orc.
The orc is heavily wounded.
The orc hits you but does no damage.
You hit the orc.
You kill the orc!
You hear some strange, mumbled words.
A puff of flame appears from out of thin air!
The puff of flame hits you.
* * * LOW HITPOINT WARNING * * *
Something is attracted toward you.
Your Evocations skill increases to level 1!
You miss something. Something hits you but does no damage.
You hear some strange, mumbled words.
You are confused.
You bump into the rock wall.
Something hits you.
* * * LOW HITPOINT WARNING * * *
You miss something.
You hear some strange, mumbled words.
You are more confused.
You bump into the rock wall.
You hear some strange, mumbled words.
A puff of flame appears from out of thin air!
The puff of flame hits you.
You die...

###########
#....@{)..##
#.######..?####
#.ยง.....>.
#..(.##### #
#.#.## #.###
#.#.### #....
#.....# ####.
#.#.#.########..
#...............


There were no monsters in sight!

Vanquished Creatures
  An adder (D:2)
  2 orcs (D:3)
  5 ball pythons
  4 endoplasms
  A giant cockroach (D:2)
  4 goblins
  4 hobgoblins
  5 jackals
  6 kobolds
  2 quokkas (D:1)
  6 bats
  A frilled lizard (D:2)
  2 rats
43 creatures vanquished.

Notes
Turn   | Place    | Note
-------+----------+-------------------------------------------
     0 | D:1      | Revguard the Demonspawn Gladiator began the quest for the
                  | Orb.
     0 | D:1      | Reached XP level 1. HP: 16/16 MP: 1/1
   248 | D:1      | Gained mutation: You regenerate magic rapidly. [demonic
                  | ancestry]
   248 | D:1      | Reached XP level 2. HP: 21/22 MP: 2/2
   348 | D:1      | Reached skill level 3 in Axes
   745 | D:2      | Found a faded altar of an unknown god.
   747 | D:2      | Reached skill level 1 in Armour
   937 | D:2      | Gained mutation: You have sharp fingernails. [demonic
                  | ancestry]
   937 | D:2      | Reached XP level 3. HP: 25/27 MP: 3/3
  1035 | D:2      | Reached skill level 1 in Invocations
  2000 | D:3      | Reached skill level 1 in Evocations
  2001 | D:3      | HP: 1/27 [something (2)]
  2003 | D:3      | Killed from afar by an orc wizard

Illustrated notes

Levels and vault maps discovered:
D:1:      moated_graveyard_arrival, layout_basic, serial_park_tiny_2
D:2:      layout_basic, hellmonk_ecumenical_altar_blasted,
          minmay_split_cup_small
D:3:      layout_loops_ring, lemuel_tele_altar, uniq_jessica

Skill      XL: |  1  2  3 |
---------------+----------+-----
Axes           | 3 |  3.1
Armour         | 1 |  1.3
Invocations    | 1 |  1.4
Evocations     | 1 |  1.0
Fighting       | |  2.2
Throwing       | |  1.7
Dodging        | |  2.9
Spellcasting   | |  0.2

Action                   || total
-------------------------++-------
Melee: War axe           ||   126
  Use: Scroll            ||     6
       Potion            ||     4
Armor: Leather armour    ||    56
Dodge: Dodged            ||   101
Block: Other             ||    32
       Reflection        ||     2
